 Dungeon Crawl Stone Soup version 0.29.1-15-g9cfb28693d (webtiles) character file.

Game seed: 15665364558474025440

44 Silvore the Chopper (level 3, -2/29 HPs)
             Began as a Demonspawn Monk on Apr 30, 2023.
             Slain by Robin
             ... wielding a +9 club
              (5 damage)
             ... on level 2 of the Dungeon on May 1, 2023.
             The game lasted 00:03:30 (2079 turns).

Silvore the Chopper (Demonspawn Monk)               Turns: 2079, Time: 00:03:31

Health: -2/29      AC:  2    Str: 11    XL:     3   Next: 39%
Magic:  3/3        EV: 12    Int: 11    God:
Gold:   119        SH:  0    Dex: 17    Spells: 2/2 levels left

rFire   . . .      SeeInvis .   a - +0 hand axe
rCold   . . .      Faith    .   (no shield)
rNeg    . . .      Spirit   .   b - +0 robe
rPois   .          Reflect  .   (helmet restricted)
rElec   .          Harm     .   (no cloak)
rCorr   .          Rampage  .   (no gloves)
Will    .....                   (no boots)
Stlth   ++........              g - amulet of magic regeneration
HPRegen 0.09/turn               (no ring)
MPRegen 0.48/turn               (no ring)

@: no status effects
A: horns 1
a: no special abilities


You were on level 2 of the Dungeon.
You visited 1 branch of the dungeon, and saw 2 of its levels.

You collected 119 gold pieces.

Inventory:

Hand Weapons
 a - a +0 hand axe (weapon)
Armour
 b - a +0 robe (worn)
Jewellery
 g - an amulet of magic regeneration (around neck)
Scrolls
 e - 2 scrolls of identify
 f - a scroll of immolation
 k - a scroll of enchant weapon {unknown}
 l - a scroll of teleportation {unknown}
 m - a scroll of brand weapon {unknown}
Potions
 d - a potion of flight
 h - a potion of heal wounds {unknown}
 i - a potion of invisibility {unknown}
 j - a potion of haste {unknown}


   Skills:
 + Level 3.3(1.6) Fighting
 + Level 3.4(1.7) Axes
 + Level 3.0(1.5) Dodging
 + Level 2.0(1.0) Stealth


You had 2 spell levels left.
You didn't know any spells.
Your spell library contained the following spells:

 Spells                   Type           Power      Damage    Failure   Level
 Magic Dart               Conj           0%         1d3       34%         1
 Call Imp                 Summ           0%         N/A       47%         2
 Mephitic Cloud           Conj/Pois/Air  0%         N/A       71%         3
 Passage of Golubria      Tloc           0%         N/A       98%         4
 Silence                  Hex/Air        0%         N/A       100%        5
 Lehudib's Crystal Spear  Conj/Erth      0%         10d2      100%        8


Dungeon Overview and Level Annotations

Branches:
Dungeon (2/15)

Altars:
Ashenzari

Annotations:
D:2 Robin


Innate Abilities, Weirdness & Mutations

You have a pair of small horns on your head.


Message History

You hit Robin. You headbutt Robin, but do no damage.
Robin is heavily wounded.
You hit the goblin but do no damage.
The goblin no longer looks unusually strong.
The goblin hits you but does no damage.
Robin roars a battlecry!
The goblins go into a battle-frenzy!
Robin hits you with a +9 club! The goblin barely misses you.
You barely miss Robin.
Robin is heavily wounded.
You hit the goblin.
The goblin no longer looks unusually strong. x2
The goblin hits you with a +0 club.
* * * LOW HITPOINT WARNING * * *
Robin misses you.
You are confused.
You feel invigorated. The goblin hits you with a +0 club.
You hit the goblin.
You kill the goblin!
You hit Robin but do no damage. Robin hits you with a +9 club!
* * * LOW HITPOINT WARNING * * *
Unknown command.
You bump into the rock wall.
You feel less invigorated.
You feel less confused. Robin throws the goblin at you!
* * * LOW HITPOINT WARNING * * *
The goblin unwields a +0 sling.
The goblin wields a +0 club.
The goblin hits you with a +0 club.
* * * LOW HITPOINT WARNING * * *
You hit Robin. You headbutt Robin, but do no damage.
Robin is heavily wounded.
You hit the goblin. Robin barely misses you. The goblin closely misses you.
You hit Robin but do no damage. Your headbutt misses Robin. You punch Robin.
Robin is severely wounded.
You closely miss the goblin.
The goblin no longer looks unusually strong.
Robin roars a battlecry!
The goblins go into a battle-frenzy!
The goblin barely misses you. Robin hits you with a +9 club.
You die...

### #.# ###### ###
..###.## #.....
... #.##...####
#.#### #$.
#.........# #.#
#.###g# ... #.#
#.# .###ggg..# #.#
#.# #.#
.r...gg#.###.###.#
#.# #g#......#.#
#.#
##@###.....###.#
#g# #.>#......####
#.# ##...........#
#.# ##.########.#
.[# #.# #.# ###
#.# ###.# #.#
##...# #.# ##.##..
#.# #.###.#


You could see Robin, a hobgoblin (strong) and 5 goblins.

Vanquished Creatures
  3 dart slugs
  5 bats
  3 endoplasms
  2 giant cockroaches (D:1)
  7 goblins
  4 hobgoblins (D:1)
  4 kobolds (D:1)
  3 ball pythons
  A frilled lizard (D:1)
  2 rats (D:1)
34 creatures vanquished.

Notes
Turn   | Place    | Note
-------+----------+-------------------------------------------
     0 | D:1      | Silvore the Demonspawn Monk began the quest for the Orb.
     0 | D:1      | Reached XP level 1. HP: 18/18 MP: 1/1
   528 | D:1      | Gained mutation: You have a pair of small horns on your
                  | head. [demonic ancestry]
   528 | D:1      | Reached XP level 2. HP: 24/24 MP: 2/2
  1015 | D:1      | Found a faded altar of an unknown god.
  1031 | D:1      | Prayed at the altar of an unknown god.
  1031 | D:1      | Became a worshipper of Ashenzari the Shackled
  1032 | D:1      | Fell from the grace of Ashenzari
  1589 | D:1      | Reached XP level 3. HP: 26/29 MP: 3/3
  2059 | D:2      | Noticed Robin
  2079 | D:2      | Slain by Robin

Illustrated notes

Levels and vault maps discovered:
D:1:      minmay_arrival_jagged, layout_basic, shapermc_ecumenical_altar_pompeii
D:2:      layout_loops_ring, uniq_terence, uniq_robin

Skill      XL: |  1  2  3 |
---------------+----------+-----
Axes           | 3 |  3.4
Stealth        | 2 |  2.0
Dodging        | 3 |  3.0
Fighting       | |  3.3

Action                   || total
-------------------------++-------
Melee: Hand axe          ||    99
       Headbutt          ||    10
       Punch             ||     1
Invok: Renounce Religion ||     1
  Use: Scroll            ||     3
       Potion            ||     1
 Stab: Sleeping          ||     6
Armor: Robe              ||    19
Dodge: Dodged            ||    76
